AoeStats
← I hate antichrist

Arena

510052288Analyzed
4v4 RM · 4d ago on Sep 29, 2026· 29m 30s· 8 players
Game mode
Random Map
Map size
Large (8 player)
Population
200
Speed
Normal
Resources
Standard
Victory
Conquest
Starting age
Dark Age
Ending age
Imperial Age
RankedLock teamsTeams togetherTeam positionsShared explorationLock speedFull tech treeHidden civsTurbo modeCheats
Victory
Defeat
🇨🇳 Persians · China
1539
+14
🇫🇷 Italians · France
1428
+19
🇦🇺 Cumans · Australia
1410
+20
🇦🇺 Romans · Australia
1355
+22
🇨🇳 Italians · China
1526
-20
🇨🇳 Poles · China
1523
-20
🇭🇰 Mongols · Hong Kong SAR China
1474
-18
🇻🇳 Hindustanis · Vietnam
1439
-17
LinG寶寶
11:25 Feudal Age
15:12 Castle Age
12:58 Double-Bit Axe
13:14 Horse Collar
16:31 Bow Saw
23:05 Wheelbarrow
24:38 Hand Cart
24:25 Gold Mining
24:27 Stone Mining
25:45 Gold Shaft Mining
25:45 Stone Shaft Mining
25:36 Heavy Plow
30:02 Imperial Age
acyhjujaxuzjkt
11:15 Feudal Age
12:26 Double-Bit Axe
12:24 Horse Collar
15:27 Castle Age
13:25 Loom
20:33 Castle Age
21:24 Bow Saw
21:42 Heavy Plow
22:54 Wheelbarrow
23:10 Stone Mining
23:11 Gold Mining
Hash-
6:07 Loom
8:25 Feudal Age
8:58 Double-Bit Axe
8:55 Horse Collar
11:48 Fletching
20:09 Castle Age
21:01 Bodkin Arrow
21:40 Bow Saw
23:00 Guard Tower
25:13 Fortified Wall
26:28 Town Watch
VN_BILL
10:45 Feudal Age
12:28 Double-Bit Axe
14:45 Castle Age
13:10 Horse Collar
16:25 Bow Saw
18:30 Forging
19:08 Scale Barding Armor
20:14 Loom
21:17 Fletching
DH
8:35 Loom
10:21 Feudal Age
15:07 Castle Age
15:18 Double-Bit Axe
25:24 Fletching
香辣鸡翅
10:38 Feudal Age
14:08 Castle Age
12:03 Double-Bit Axe
12:41 Horse Collar
20:29 Bow Saw
21:53 Heavy Plow
23:16 Wheelbarrow
25:24 Gold Mining
25:38 Stone Mining
28:36 Imperial Age
28:47 Imperial Age
26:53 Hand Cart
27:02 Loom
29:50 Forging
29:45 Scale Barding Armor
30:03 Conscription
I hate antichrist
6:16 Loom
9:11 Feudal Age
9:42 Double-Bit Axe
16:30 Horse Collar
22:46 Wheelbarrow
26:40 Castle Age
26:47 Castle Age
28:04 Bow Saw
28:12 Hand Cart
i say daddy is home
10:35 Feudal Age
10:39 Man-at-Arms
11:09 Loom
11:59 Scale Mail Armor
12:10 Forging
12:03 Double-Bit Axe
16:32 Horse Collar
24:13 Castle Age
26:49 Wheelbarrow
26:50 Bow Saw
27:08 Gold Mining
27:22 Heavy Plow
Connection lost

Rejoining the realm…

Still unreachable

The connection could not be restored.

Session expired

The server has moved on; the page needs a fresh start.